3AAA
WARWICK HUNCHBACKS @ GRYFINDOR BRAVES
05/19/2017
 
TOP OF THE 1ST
Warwick Hunchbacks batting - Pitching for Gryfindor Braves : RHP Sandro So Payo
Pitching: RHP Sandro So Payo
Batting: RHB Eric Russell 0-0: Ball
1-0: Foul Ball, location: 2F
1-1: Ball
2-1: Ball
3-1: Base on Balls
Batting: RHB Chris Riles 0-0: Ball
1-0: Swinging Strike
1-1: Ball
2-1: Called Strike
2-2: Ball
3-2: Grounds into double play, 5-4-3 (Groundball, 56)
Batting: RHB Nick McKnight 0-0: Called Strike
0-1: Ball
1-1: Swinging Strike
1-2: Ball
2-2: Ground out 5-3 (Groundball, 5)
Top of the 1st over - 0 run(s), 0 hit(s), 0 error(s), 0 left on base; Warwick 0 - Gryfindor 0
BOTTOM OF THE 1ST
Gryfindor Braves batting - Pitching for Warwick Hunchbacks : RHP Willie Cameron
Pitching: RHP Willie Cameron
Batting: RHB Jim Unknown 0-0: Ball
1-0: Ball
2-0: Called Strike
2-1: Ball
3-1: Foul Ball, location: 2F
3-2: Strikes out swinging passed ball, reaches first!
Batting: RHB Jim Unknown 0-0: Ball
1-0: Swinging Strike
1-1: Ball
2-1: SINGLE (Groundball, 34D)
Jim Unknown to second
Runner from 2nd tries for 3rd, SAFE, throw made to third
Batting: RHB Manuel González 0-0: Called Strike
0-1: Ball
1-1: Ball
2-1: Ball
3-1: Foul Ball, location: 2F
3-2: Strikes out swinging
Batting: RHB Jim Unknown 0-0: Ball
1-0: Called Strike
1-1: Ball
2-1: Fly out, F9 (Line Drive, 9LM)
Runner from 3rd tags up, OUT at HOME
Bottom of the 1st over - 0 run(s), 1 hit(s), 0 error(s), 1 left on base; Warwick 0 - Gryfindor 0
TOP OF THE 2ND
Warwick Hunchbacks batting - Pitching for Gryfindor Braves : RHP Sandro So Payo
Now at 3B: Jim Unknown
Batting: LHB Ted Cracknell 0-0: Called Strike
0-1: Foul Ball, location: 2F
0-2: Ball
1-2: Strikes out swinging
Batting: RHB Julián Rocha 0-0: Ball
1-0: DOUBLE (Flyball, 78XD)
Batting: RHB Freddy Scott 0-0: SINGLE (Line Drive, 89S)
Julián Rocha to third
Runner from 3rd tries for Home, SAFE, throw made home
Batting: LHB Ron Wallace 0-0: DOUBLE (Flyball, 8LD)
Freddy Scott to third
Batting: RHB Jim Browning 0-0: Ball
1-0: Foul Ball, location: 2F
1-1: Ball
2-1: Ball
3-1: Foul Ball, location: 2F
3-2: Fly out, F9 (Flyball, 89M)
Batting: LHB Javier Pérez 0-0: Ball
1-0: Ball
2-0: Called Strike
2-1: Ball
3-1: Fly out, F7 (Flyball, 7LM)
Top of the 2nd over - 1 run(s), 3 hit(s), 0 error(s), 2 left on base; Warwick 1 - Gryfindor 0
BOTTOM OF THE 2ND
Gryfindor Braves batting - Pitching for Warwick Hunchbacks : RHP Willie Cameron
Batting: RHB Jim Unknown 0-0: Ball
1-0: Foul Ball, location: 2F
1-1: Ground out 5-3 (Groundball, 5)
Batting: LHB Jim Unknown 0-0: Called Strike
0-1: Ball
1-1: Swinging Strike
1-2: Ball
2-2: Ball
3-2: SINGLE (Line Drive, 6MD)
Batting: RHB José Casarreal 0-0: Called Strike
0-1: Ball
1-1: Ball
2-1: Foul Ball, location: 2F
2-2: Foul Ball, location: 2F
2-2: Strikes out swinging
Batting: RHB Jim Unknown 0-0: Ground out 5-3 (Groundball, 5L)
Bottom of the 2nd over - 0 run(s), 1 hit(s), 0 error(s), 1 left on base; Warwick 1 - Gryfindor 0
TOP OF THE 3RD
Warwick Hunchbacks batting - Pitching for Gryfindor Braves : RHP Sandro So Payo
Batting: RHB Eric Russell 0-0: Foul Ball, location: 2F
0-1: Ball
1-1: SINGLE (Line Drive, 4MD)
Batting: RHB Chris Riles 0-0: Called Strike
0-1: Foul Ball, location: 2F
0-2: Ball
1-2: Ball
2-2: Fielders Choice at 2nd, 1-6 (Groundball, 13S)
Batting: RHB Nick McKnight 0-0: Grounds into double play, 6-4-3 (Groundball, 6)
Top of the 3rd over - 0 run(s), 1 hit(s), 0 error(s), 0 left on base; Warwick 1 - Gryfindor 0
BOTTOM OF THE 3RD
Gryfindor Braves batting - Pitching for Warwick Hunchbacks : RHP Willie Cameron
Batting: RHB Jim Unknown 0-0: Ball
1-0: Swinging Strike
1-1: DOUBLE (Flyball, 89XD)
Batting: RHB Jim Unknown 0-0: Ball
1-0: Foul Ball, location: 2F
1-1: Ball
2-1: SINGLE (Groundball, 6MD)
Jim Unknown to third
Runner from 3rd tries for Home, SAFE, throw made home
Batting: RHB Jim Unknown 0-0: Ball
1-0: 2-RUN HOME RUN (Flyball, 7D), Distance : 393 ft
Batting: RHB Manuel González 0-0: Fly out, F8 (Flyball, 8RM)
Batting: RHB Jim Unknown 0-0: Ball
1-0: Ball
2-0: Ball
3-0: Called Strike
3-1: Base on Balls
Batting: RHB Jim Unknown 0-0: Foul Ball, location: 2F
0-1: Fly out, F7 (Flyball, 7S)
Batting: LHB Jim Unknown 0-0: Ball
Jim Unknown steals 2nd base
1-0: Called Strike
1-1: SINGLE (Groundball, 34D)
Jim Unknown to third
Runner from 3rd tries for Home, SAFE, throw made home
Batting: RHB José Casarreal 0-0: Ball
1-0: Ball
Passed Ball!
Jim Unknown to second
2-0: Foul Ball, location: 2F
2-1: Ball
3-1: Base on Balls
Batting: RHB Jim Unknown 0-0: Called Strike
0-1: 3-RUN HOME RUN (Flyball, 7LD), Distance : 367 ft
Batting: RHB Jim Unknown 0-0: Ball
1-0: Swinging Strike
1-1: Ball
2-1: Ball
3-1: Swinging Strike
3-2: SINGLE (Groundball, 56D)
Pitching: RHP Woody Pratt
Batting: RHB Jim Unknown 0-0: Ball
1-0: Ball
2-0: SINGLE (Groundball, 6MD)
Jim Unknown to second
Batting: RHB Jim Unknown 0-0: Fielders Choice at 2nd, 5-4 (Groundball, 5)
Bottom of the 3rd over - 7 run(s), 7 hit(s), 0 error(s), 1 left on base; Warwick 1 - Gryfindor 7
TOP OF THE 4TH
Warwick Hunchbacks batting - Pitching for Gryfindor Braves : RHP Sandro So Payo
Batting: LHB Ted Cracknell 0-0: Ball
1-0: Called Strike
1-1: Foul Ball, location: 2F
1-2: Foul Ball, location: 2F
1-2: Strikes out looking
Batting: RHB Julián Rocha 0-0: Ball
1-0: Fly out, F9 (Flyball, 89M)
Batting: RHB Freddy Scott 0-0: Ground out 5-3 (Groundball, 56S)
Top of the 4th over - 0 run(s), 0 hit(s), 0 error(s), 0 left on base; Warwick 1 - Gryfindor 7
BOTTOM OF THE 4TH
Gryfindor Braves batting - Pitching for Warwick Hunchbacks : RHP Woody Pratt
Batting: RHB Manuel González 0-0: Ball
1-0: Called Strike
1-1: SINGLE (Line Drive, 5D)
Batting: RHB Jim Unknown 0-0: SINGLE (Line Drive, 56D)
Manuel González to second
Batting: RHB Jim Unknown 0-0: Ball
1-0: Ball
2-0: Fly out, F8 (Flyball, 8LM)
Batting: LHB Jim Unknown 0-0: Called Strike
0-1: Ball
1-1: 3-RUN HOME RUN (Flyball, 7D), Distance : 379 ft
Pitching: RHP Jeremy Dennis
Batting: RHB José Casarreal 0-0: Ball
1-0: Ball
2-0: Ball
3-0: Base on Balls
Batting: RHB Jim Unknown 0-0: Ball
1-0: Swinging Strike
1-1: Swinging Strike
1-2: Strikes out swinging
Batting: RHB Jim Unknown 0-0: Swinging Strike
0-1: Called Strike
0-2: Ball
1-2: Strikes out swinging
Bottom of the 4th over - 3 run(s), 3 hit(s), 0 error(s), 1 left on base; Warwick 1 - Gryfindor 10
TOP OF THE 5TH
Warwick Hunchbacks batting - Pitching for Gryfindor Braves : RHP Sandro So Payo
Batting: LHB Ron Wallace 0-0: Called Strike
0-1: Ball
1-1: SINGLE (Line Drive, 6)
Batting: RHB Jim Browning 0-0: Called Strike
0-1: Ball
1-1: Foul Ball, location: 2F
1-2: Ball
2-2: Strikes out swinging
Batting: LHB Javier Pérez 0-0: Ball
1-0: Fly out, F8 (Flyball, 8RD)
Batting: RHB Eric Russell 0-0: Ball
1-0: DOUBLE (Groundball, 3L)
Ron Wallace to third
Runner from 3rd tries for Home, SAFE, throw made at trailing runner, OUT at third!
Top of the 5th over - 1 run(s), 2 hit(s), 0 error(s), 0 left on base; Warwick 2 - Gryfindor 10
BOTTOM OF THE 5TH
Gryfindor Braves batting - Pitching for Warwick Hunchbacks : RHP Jeremy Dennis
Batting: RHB Jim Unknown 0-0: Ball
1-0: Called Strike
1-1: Foul Ball, location: 2F
1-2: Strikes out swinging
Batting: RHB Jim Unknown 0-0: Foul Ball, location: 2F
0-1: Ball
1-1: Foul Ball, location: 2F
1-2: SOLO HOME RUN (Flyball, 7D), Distance : 396 ft
Batting: RHB Manuel González 0-0: Ball
1-0: Called Strike
1-1: Ball
2-1: Swinging Strike
2-2: SINGLE (Line Drive, 8RS)
Batting: RHB Jim Unknown 0-0: Ball
1-0: Foul Ball, location: 2F
1-1: Ball
2-1: DOUBLE (Flyball, 7S)
Manuel González to third
Batting: RHB Jim Unknown 0-0: Called Strike
0-1: Ball
1-1: Fly out, F9 (Flyball, 9D)
Runner from 3rd tags up, SCORES, no throw
Batting: LHB Jim Unknown 0-0: Called Strike
0-1: Called Strike
0-2: Strikes out swinging
Bottom of the 5th over - 2 run(s), 3 hit(s), 0 error(s), 1 left on base; Warwick 2 - Gryfindor 12
TOP OF THE 6TH
Warwick Hunchbacks batting - Pitching for Gryfindor Braves : RHP Sandro So Payo
Batting: RHB Chris Riles 0-0: Called Strike
0-1: Ball
1-1: Foul Ball, location: 2F
1-2: Ball
2-2: Ball
3-2: DOUBLE (Flyball, 89D)
Batting: RHB Nick McKnight 0-0: Ball
1-0: Fly out, F7 (Line Drive, 7LD)
Batting: LHB Ted Cracknell 0-0: Called Strike
Chris Riles steals 3rd base
0-1: Called Strike
0-2: Ball
1-2: Foul Ball, location: 2F
1-2: Ball
2-2: Ground out 6-3 (Groundball, 6M)
Chris Riles scores
Batting: RHB Julián Rocha 0-0: Called Strike
0-1: Ball
1-1: Ball
2-1: Foul Ball, location: 2F
2-2: Fly out, F9 (Flyball, 9LM)
Top of the 6th over - 1 run(s), 1 hit(s), 0 error(s), 0 left on base; Warwick 3 - Gryfindor 12
BOTTOM OF THE 6TH
Gryfindor Braves batting - Pitching for Warwick Hunchbacks : RHP Jeremy Dennis
Pitching: RHP Tony García
Batting: RHB José Casarreal 0-0: Called Strike
0-1: Fly out, F9 (Flyball, 9M)
Batting: RHB Jim Unknown 0-0: Ball
1-0: Swinging Strike
1-1: Ball
2-1: Ball
3-1: Foul Ball, location: 2F
3-2: Foul Ball, location: 2F
3-2: Foul Ball, location: 2F
3-2: Foul Ball, location: 2F
3-2: Base on Balls
Batting: RHB Jim Unknown 0-0: Called Strike
0-1: TRIPLE (Line Drive, 89XD)
Jim Unknown scores
Batting: RHB Jim Unknown 0-0: Foul Ball, location: 2F
0-1: Called Strike
0-2: Fly out, F8 (Flyball, 8RM)
Runner from 3rd tags up, SCORES, throw made
Pitching: RHP Francisco García
Batting: RHB Jim Unknown 0-0: Ball
1-0: Ball
2-0: Called Strike
2-1: Ball
3-1: Foul Ball, location: 2F
3-2: Base on Balls
Batting: RHB Manuel González 0-0: Foul Ball, location: 2F
0-1: Ball
1-1: Fielders Choice at 2nd, U6 (Groundball, 6M)
Bottom of the 6th over - 2 run(s), 1 hit(s), 0 error(s), 1 left on base; Warwick 3 - Gryfindor 14
TOP OF THE 7TH
Warwick Hunchbacks batting - Pitching for Gryfindor Braves : RHP Sandro So Payo
Batting: RHB Freddy Scott 0-0: Called Strike
0-1: Ball
1-1: Ball
2-1: SINGLE (Groundball, 6MD)
Pitching: LHP Keith Hall
Batting: LHB Ron Wallace 0-0: Swinging Strike
0-1: Ball
1-1: Foul Ball, location: 2F
1-2: Strikes out swinging
Batting: RHB Jim Browning 0-0: Ground out 3-1 (Groundball, 34S)
Freddy Scott to second
Batting: LHB Javier Pérez 0-0: SINGLE (Line Drive, 56)
Freddy Scott to third
Batting: RHB Eric Russell 0-0: Ball
1-0: Fly out, F7 (Flyball, 7LM)
Top of the 7th over - 0 run(s), 2 hit(s), 0 error(s), 2 left on base; Warwick 3 - Gryfindor 14
BOTTOM OF THE 7TH
Gryfindor Braves batting - Pitching for Warwick Hunchbacks : RHP Francisco García
Batting: RHB Jim Unknown 0-0: Ball
1-0: Swinging Strike
1-1: Swinging Strike
1-2: Strikes out swinging
Batting: RHB Jim Unknown 0-0: Swinging Strike
0-1: Ball
1-1: Foul Ball, location: 2F
1-2: Ball
2-2: Foul Ball, location: 2F
2-2: Strikes out swinging
Batting: LHB Jim Unknown 0-0: Swinging Strike
0-1: Called Strike
0-2: Ball
1-2: DOUBLE (Flyball, 8LM)
Pinch Hitting: LHB Fernando Martínez 0-0: Ball
1-0: Ball
2-0: Ball
3-0: Called Strike
3-1: Foul Ball, location: 2F
3-2: DOUBLE (Line Drive, 9LM)
Jim Unknown scores
Batting: RHB Jim Unknown 0-0: Swinging Strike
0-1: Ball
1-1: Ball
2-1: Foul Ball, location: 2F
2-2: Ball
3-2: Fly out, F3 (Popup, 3F)
Bottom of the 7th over - 1 run(s), 2 hit(s), 0 error(s), 1 left on base; Warwick 3 - Gryfindor 15
TOP OF THE 8TH
Warwick Hunchbacks batting - Pitching for Gryfindor Braves : LHP Keith Hall
Now in RF: Jim Unknown
Batting: RHB Chris Riles 0-0: Called Strike
0-1: Swinging Strike
0-2: SINGLE (Groundball, 5D)
Batting: RHB Nick McKnight 0-0: Called Strike
0-1: Ball
1-1: Ball
2-1: Swinging Strike
2-2: Strikes out swinging
Pinch Hitting: RHB Travis Turner 0-0: Called Strike
0-1: Swinging Strike
0-2: Ball
1-2: Foul Ball, location: 2F
1-2: Ball
2-2: Strikes out looking
Batting: RHB Julián Rocha 0-0: Ball
1-0: Ball
2-0: Ball
3-0: Called Strike
3-1: Called Strike
3-2: 2-RUN HOME RUN (Flyball, 8LXD), Distance : 444 ft
Batting: RHB Freddy Scott 0-0: Called Strike
0-1: Ball
1-1: Foul Ball, location: 2F
1-2: Ball
2-2: Strikes out swinging
Top of the 8th over - 2 run(s), 2 hit(s), 0 error(s), 0 left on base; Warwick 5 - Gryfindor 15
BOTTOM OF THE 8TH
Gryfindor Braves batting - Pitching for Warwick Hunchbacks : RHP Francisco García
Pitching: RHP Victor Powell
Now in LF: Travis Turner
Batting: RHB Jim Unknown 0-0: Ball
1-0: Called Strike
1-1: Bunted foul
1-2: Ball
2-2: Strikes out swinging
Batting: RHB Jim Unknown 0-0: SINGLE (Line Drive, 7LS)
Batting: RHB Jim Unknown 0-0: Foul Ball, location: 2F
0-1: Ball
1-1: Ball
2-1: Foul Ball, location: 2F
2-2: Strikes out looking
Batting: RHB Manuel González 0-0: DOUBLE (Line Drive, 78M)
Jim Unknown to third
Runner from 3rd tries for Home, SAFE, no throw or cutoff
Batting: RHB Jim Unknown 0-0: Called Strike
0-1: Ball
1-1: Ball
2-1: Foul Ball, location: 2F
2-2: Strikes out swinging
Bottom of the 8th over - 1 run(s), 2 hit(s), 0 error(s), 1 left on base; Warwick 5 - Gryfindor 16
TOP OF THE 9TH
Warwick Hunchbacks batting - Pitching for Gryfindor Braves : LHP Keith Hall
Batting: LHB Ron Wallace 0-0: Ball
1-0: Called Strike
1-1: Swinging Strike
1-2: Strikes out looking
Batting: RHB Jim Browning 0-0: Ball
1-0: Foul Ball, location: 2F
1-1: Swinging Strike
1-2: Foul Ball, location: 2F
1-2: SINGLE (Line Drive, 7LM)
Pinch Hitting: RHB Octávio Castaneda 0-0: Ball
1-0: Grounds into double play, 6-4-3 (Groundball, 6)
Top of the 9th over - 0 run(s), 1 hit(s), 0 error(s), 0 left on base; Warwick 5 - Gryfindor 16
This league is powered by Out of the Park Baseball, the baseball management simulation game for PC, Mac and Linux
Saturday, February 27th, 2021 - OOTP Baseball 15.6 Build 34